[Event "Titled Tuesday Blitz July 25 Late 2023"]
[White "Alexikov, Alexander"]
[Black "Rian, Kapriaga"]
[WhiteFideId "14103958"]
[BlackFideId "7103263"]
[WhiteElo "2219"]
[BlackElo "2350"]
[Result "0-1"]
[Round "6"]
[TimeControl "180+2"]
[Date "2023.07.25"]
[WhiteClock "0:00:00"]
[BlackClock "0:00:21"]
[Board "152"]

1. e4 c6 2. d4 d5 3. exd5 cxd5 4. Bd3 Nc6 5. c3 Qc7 6. Ne2 Bg4 7. f3 Bd7 8. Bf4 e5 9. dxe5 Nxe5 10. Bc2 Nf6 11. Nd2 Bd6 12. Bg3 O-O 13. Nb3 Rfe8 14. O-O Rad8 15. Nbd4 a6 16. Re1 Nh5 17. b3 b5 18. Qd2 g6 19. Rad1 Rc8 20. Bf2 Re7 21. Bb1 Rce8 22. Ng3 Ng7 23. Nde2 Bc6 24. Nd4 Bd7 25. Re2 Rc8 26. Re3 h5 27. Rde1 h4 28. Nf1 h3 29. g3 Rce8 0-1


[Site "https://www.chess.com"]

[Event "Titled Tuesday Blitz July 25 Late 2023"]
[White "Zhou, Qiyu"]
[Black "Ardila, Oscar Humberto"]
[WhiteFideId "505161"]
[BlackFideId "4404742"]
[WhiteElo "2335"]
[BlackElo "2218"]
[Result "1-0"]
[Round "6"]
[TimeControl "180+2"]
[Date "2023.07.25"]
[WhiteClock "0:01:59"]
[BlackClock "0:00:00"]
[Board "153"]

1. e4 e5 2. Nf3 Nf6 3. Nxe5 d6 4. Nc4 Nxe4 5. Nc3 Nf6 6. d4 Be7 7. Bf4 O-O 8. Qd2 Bf5 9. O-O-O c6 10. Ne3 Be6 11. Bc4 d5 12. Bd3 b5 13. Kb1 b4 14. Ne2 a5 15. Ng3 Nbd7 16. Nef5 a4 17. Rhe1 Re8 18. Nxe7+ Qxe7 19. Nf5 Qf8 20. Bd6 Re7 21. Nxe7+ Kh8 22. Ng6+ fxg6 23. Bxf8 Rxf8 24. Rxe6 b3 25. Rxc6 Rb8 26. cxb3 axb3 27. a3 Nf8 28. Rdc1 1-0


[Site "https://www.chess.com"]

[Event "Titled Tuesday Blitz July 25 Late 2023"]
[White "arturdailima"]
[Black "Bazzano, Sebastian"]
[BlackFideId "104566"]
[WhiteElo "2334"]
[BlackElo "2211"]
[Result "1-0"]
[Round "6"]
[TimeControl "180+2"]
[Date "2023.07.25"]
[WhiteClock "0:00:18"]
[BlackClock "0:00:00"]
[Board "154"]

1. e4 e6 2. d4 d5 3. Nd2 dxe4 4. Nxe4 Bd7 5. Nf3 Bc6 6. Bd3 Bxe4 7. Bxe4 c6 8. O-O Nf6 9. Bd3 Bd6 10. Bg5 Nbd7 11. c3 O-O 12. Re1 Qc7 13. h3 Bf4 14. Bh4 Rfe8 15. Qc2 g6 16. a4 Bh6 17. a5 a6 18. b4 Bg7 19. Bg3 Qd8 20. h4 Nh5 21. Bh2 Qf6 22. Re4 Qd8 23. Rae1 Nhf6 24. R4e2 Nd5 25. Qb3 Qf6 26. Re4 Qd8 27. c4 N5f6 28. R4e2 Nh5 29. g4 Nhf6 30. g5 Nh5 31. Kg2 Rc8 32. Bc2 Nf8 33. Rd1 h6 34. Be5 hxg5 35. hxg5 Qe7 36. Re4 Nd7 37. Bxg7 Nxg7 38. Rde1 Qd6 39. Ne5 Nxe5 40. dxe5 Qe7 41. f4 Red8 42. Rh1 Rd2+ 43. Kf3 Rcd8 44. Re2 Rxe2 45. Kxe2 Nf5 46. Qh3 Nd4+ 47. Kf2 1-0


[Site "https://www.chess.com"]

[Event "Titled Tuesday Blitz July 25 Late 2023"]
[White "Winslow, Elliott"]
[Black "Kostiukov, Alexandr"]
[WhiteFideId "2002523"]
[BlackFideId "14108100"]
[WhiteElo "2178"]
[BlackElo "2330"]
[Result "1-0"]
[Round "6"]
[TimeControl "180+2"]
[Date "2023.07.25"]
[WhiteClock "0:01:06"]
[BlackClock "0:00:00"]
[Board "155"]

1. e4 c5 2. Nf3 g6 3. c3 Bg7 4. d4 cxd4 5. cxd4 d5 6. e5 Nh6 7. Be2 O-O 8. h3 Nc6 9. Nc3 f6 10. exf6 exf6 11. O-O Be6 12. Bf4 g5 13. Bh2 Nf5 14. Qd2 Bf7 15. Rad1 h5 16. g4 hxg4 17. hxg4 Nd6 18. Ne1 f5 19. gxf5 Nxf5 20. Nf3 g4 21. Ne5 Nfxd4 22. Nxc6 bxc6 23. Bxg4 Qh4 24. Qf4 Qh8 25. Qg5 Ne6 26. Bxe6 Bxe6 27. Rfe1 Rae8 28. Be5 1-0


[Site "https://www.chess.com"]

[Event "Titled Tuesday Blitz July 25 Late 2023"]
[White "Kujawski, Adam"]
[Black "Oliveira, Tiago Batista"]
[WhiteFideId "1100920"]
[BlackFideId "2108291"]
[WhiteElo "2326"]
[BlackElo "2162"]
[Result "1-0"]
[Round "6"]
[TimeControl "180+2"]
[Date "2023.07.25"]
[WhiteClock "0:00:38"]
[BlackClock "0:00:00"]
[Board "156"]

1. e4 e5 2. Nf3 Nc6 3. Bb5 a6 4. Ba4 Nf6 5. O-O Nxe4 6. d4 b5 7. Bb3 d5 8. dxe5 Be6 9. Nbd2 Bc5 10. Qe2 Bf5 11. Nxe4 dxe4 12. Ng5 Nxe5 13. Nxe4 Bxe4 14. Qxe4 Bd6 15. f4 f5 16. Qe2 1-0


[Site "https://www.chess.com"]

[Event "Titled Tuesday Blitz July 25 Late 2023"]
[White "Awoki, Daniel Teidi"]
[Black "Tsukerman, Julia"]
[WhiteFideId "2100827"]
[BlackFideId "2621649"]
[WhiteElo "2321"]
[BlackElo "2119"]
[Result "1-0"]
[Round "6"]
[TimeControl "180+2"]
[Date "2023.07.25"]
[WhiteClock "0:00:15"]
[BlackClock "0:00:00"]
[Board "157"]

1. e4 c5 2. Nf3 d6 3. Bb5+ Nd7 4. d4 cxd4 5. Qxd4 e5 6. Qd3 a6 7. Bxd7+ Bxd7 8. c4 Nf6 9. Bg5 h6 10. Bxf6 Qxf6 11. O-O Be7 12. Nc3 Bc6 13. Nd5 Bxd5 14. Qxd5 Rb8 15. a4 Qe6 16. Rfd1 Qxd5 17. Rxd5 O-O 18. Ne1 Rbc8 19. b3 Rc6 20. Nc2 g6 21. a5 Rc5 22. Ne3 Rfc8 23. b4 R5c6 24. Rad1 Kf8 25. g3 Ke8 26. h4 h5 27. Kf1 b6 28. axb6 Rxb6 29. Rb1 Rcb8 30. Nc2 Bf8 31. Ra5 Rc6 32. Ne3 Be7 33. Ke2 Bd8 34. Ra4 Rcb6 35. Nd5 Rc6 36. Kd3 Kd7 37. Rba1 Rbc8 38. Ne3 Ra8 39. b5 Rb6 40. Rxa6 Raxa6 41. bxa6 Rb8 42. Nd5 Kc6 43. Kc3 Ra8 44. Kb4 Bb6 45. Ra2 Bc5+ 46. Kc3 1-0


[Site "https://www.chess.com"]

[Event "Titled Tuesday Blitz July 25 Late 2023"]
[White "jero888"]
[Black "Tarnowska, Aleksandra"]
[BlackFideId "1180967"]
[WhiteElo "2321"]
[BlackElo "2106"]
[Result "1-0"]
[Round "6"]
[TimeControl "180+2"]
[Date "2023.07.25"]
[WhiteClock "0:01:29"]
[BlackClock "0:01:46"]
[Board "158"]

1. e4 c5 2. Nf3 e6 3. d3 a6 4. g3 d5 5. Nbd2 dxe4 6. dxe4 Nf6 7. Bg2 Nc6 8. c3 e5 9. O-O Bg4 10. Qe2 Be7 11. h3 Bh5 12. Re1 O-O 13. Nf1 Bg6 14. N3d2 Qc7 15. Ne3 b5 16. Nd5 Qb7 17. Nf1 Rad8 18. Nxe7+ Qxe7 19. Bg5 h6 20. Bxf6 Qxf6 21. Ne3 Na5 22. Nd5 Qc6 23. Ne7+ 1-0


[Site "https://www.chess.com"]

[Event "Titled Tuesday Blitz July 25 Late 2023"]
[White "Winkels, Marcel"]
[Black "Manon-og, Ramon Jr."]
[WhiteFideId "1003887"]
[BlackFideId "5200776"]
[WhiteElo "2058"]
[BlackElo "2314"]
[Result "1-0"]
[Round "6"]
[TimeControl "180+2"]
[Date "2023.07.25"]
[WhiteClock "0:01:36"]
[BlackClock "0:00:39"]
[Board "159"]

1. e4 c5 2. Nf3 d6 3. d4 cxd4 4. Nxd4 Nf6 5. Nc3 a6 6. h3 e5 7. Nf3 h5 8. Rg1 Nc6 9. Be3 Be6 10. Ng5 Qd7 11. Qd2 Be7 12. O-O-O O-O 13. Nxe6 fxe6 14. g4 h4 15. Be2 b5 16. g5 Ne8 17. Bg4 Nc7 18. Nd5 Nxd5 19. exd5 Nd4 20. Bxd4 exd4 21. Bxe6+ 1-0


[Site "https://www.chess.com"]

[Event "Titled Tuesday Blitz July 25 Late 2023"]
[White "rionelG"]
[Black "Navyblue1"]
[WhiteElo "2299"]
[BlackElo "1962"]
[Result "1-0"]
[Round "6"]
[TimeControl "180+2"]
[Date "2023.07.25"]
[WhiteClock "0:01:32"]
[BlackClock "0:00:01"]
[Board "160"]

1. e4 c5 2. g3 d5 3. exd5 Qxd5 4. Nf3 Bg4 5. Bg2 Nc6 6. h3 Bh5 7. O-O e6 8. Nc3 Qd7 9. Re1 Be7 10. d3 Nf6 11. Bf4 O-O 12. g4 Bg6 13. Ne5 Nxe5 14. Bxe5 h6 15. Qf3 Nd5 16. Nxd5 exd5 17. Qxd5 Qxd5 18. Bxd5 Rad8 19. Bxb7 f6 20. Bg3 Bd6 21. Bxd6 Rxd6 22. b3 f5 23. Re2 fxg4 24. hxg4 Rf4 25. f3 Rb6 26. Bd5+ Kh7 27. Rae1 a5 28. a4 Rff6 29. Re5 Rfd6 30. Be4 Bxe4 31. R1xe4 Rbc6 32. Rc4 Rf6 33. Kg2 Rfd6 34. Rexc5 Rxc5 35. Rxc5 Re6 36. Kg3 Re2 37. d4 Rd2 38. d5 Kg6 39. c4 Kf6 40. Rxa5 g5 41. Ra6+ Ke5 42. Rxh6 Rb2 43. Rg6 Rxb3 44. Rxg5+ Kd6 45. Rf5 Rb4 46. Rf4 Rxa4 47. g5 Ra7 48. g6 Rg7 49. Rf6+ Ke5 50. Re6+ Kd4 51. Re4+ Kc5 52. Rg4 Kd6 53. Kf4 Ke7 54. Ke5 Rg8 55. g7 Kf7 1-0


[Site "https://www.chess.com"]

[Event "Titled Tuesday Blitz July 25 Late 2023"]
[White "Liu, Casper"]
[Black "Floresvillar Gonzalez, Luis Migu"]
[WhiteFideId "1454153"]
[BlackFideId "5100542"]
[WhiteElo "2459"]
[BlackElo "2099"]
[Result "1-0"]
[Round "6"]
[TimeControl "180+2"]
[Date "2023.07.25"]
[WhiteClock "0:02:00"]
[BlackClock "0:00:46"]
[Board "161"]

1. e4 c6 2. d4 d5 3. Nc3 dxe4 4. Nxe4 Bf5 5. Ng3 Bg6 6. Bg5 h6 7. Bh4 Qb6 8. Bd3 Bxd3 9. Qxd3 Qxb2 10. Rd1 g5 11. Nf3 gxh4 12. Nxh4 e6 13. O-O Be7 14. Nhf5 exf5 15. Nxf5 Qxa2 16. Rfe1 Nd7 17. Qg3 O-O-O 18. Rxe7 Nxe7 19. Nxe7# 1-0


[Site "https://www.chess.com"]

[Event "Titled Tuesday Blitz July 25 Late 2023"]
[White "Chemin, Justo Reinaldo"]
[Black "Hartikainen, Jarmo"]
[WhiteFideId "2101580"]
[BlackFideId "503134"]
[WhiteElo "2247"]
[BlackElo "2077"]
[Result "1-0"]
[Round "6"]
[TimeControl "180+2"]
[Date "2023.07.25"]
[WhiteClock "0:00:14"]
[BlackClock "0:00:00"]
[Board "162"]

1. d4 d5 2. c4 e6 3. e3 Nf6 4. Nf3 Be7 5. Nc3 O-O 6. a3 b6 7. cxd5 exd5 8. Bd3 Bb7 9. O-O Nbd7 10. b4 Ne4 11. Bxe4 dxe4 12. Nd2 f5 13. Bb2 Nf6 14. Rc1 a6 15. f3 Rc8 16. fxe4 fxe4 17. Nc4 c5 18. bxc5 bxc5 19. Ne5 cxd4 20. exd4 Bd5 21. Qa4 Kh8 22. Qxa6 Ra8 23. Qe2 Bxa3 24. Bxa3 Rxa3 25. Nxd5 Qxd5 26. Rcd1 Ra4 27. Qe3 Rd8 28. Qg5 Rc4 29. Rxf6 Rxd4 30. Nf7+ Kg8 31. Nh6+ Kh8 32. Qxd5 R4xd5 33. Rxd5 gxf6 34. Rxd8+ Kg7 35. Re8 Kxh6 36. Rxe4 Kg5 37. Re3 1-0


[Site "https://www.chess.com"]

[Event "Titled Tuesday Blitz July 25 Late 2023"]
[White "Coro, Lucas"]
[Black "Silvestre, Christian"]
[WhiteFideId "147222"]
[BlackFideId "30956269"]
[WhiteElo "2400"]
[BlackElo "2106"]
[Result "1-0"]
[Round "6"]
[TimeControl "180+2"]
[Date "2023.07.25"]
[WhiteClock "0:01:47"]
[BlackClock "0:01:52"]
[Board "163"]

1. e4 c6 2. Nf3 d5 3. d3 a6 4. Nc3 f6 5. d4 e6 6. Bd3 Bb4 7. O-O Ne7 8. Ne2 O-O 9. c3 Bd6 10. e5 Bc7 11. exf6 gxf6 12. Bh6 Rf7 13. Nf4 e5 14. dxe5 fxe5 15. Ng5 exf4 16. Nxf7 Kxf7 17. Qh5+ Ng6 18. Rae1 Qf6 19. Bg5 Qh8 20. Re7+ 1-0


[Site "https://www.chess.com"]

[Event "Titled Tuesday Blitz July 25 Late 2023"]
[White "Brahami, Lamine"]
[Black "dorpato"]
[WhiteFideId "7905637"]
[WhiteElo "2366"]
[BlackElo "2022"]
[Result "0-1"]
[Round "6"]
[TimeControl "180+2"]
[Date "2023.07.25"]
[WhiteClock "0:00:50"]
[BlackClock "0:00:29"]
[Board "165"]

1. d4 d5 2. c4 g6 3. Nc3 Nf6 4. Nf3 Bg7 5. Bg5 c6 6. e3 O-O 7. Rc1 Be6 8. c5 Nbd7 9. b4 b6 10. b5 bxc5 11. bxc6 cxd4 12. Nxd4 Nc5 13. Ba6 Nfe4 14. Nxe4 Nxe4 15. c7 Qd6 16. Bf4 Qxa6 0-1


[Site "https://www.chess.com"]

[Event "Titled Tuesday Blitz July 25 Late 2023"]
[White "Lutz, Igor Oscar"]
[Black "Biliy, Vadim"]
[WhiteFideId "2110806"]
[BlackFideId "14114127"]
[WhiteElo "1933"]
[BlackElo "2289"]
[Result "1-0"]
[Round "6"]
[TimeControl "180+2"]
[Date "2023.07.25"]
[WhiteClock "0:00:14"]
[BlackClock "0:00:00"]
[Board "166"]

1. d4 c5 2. d5 f5 3. c4 Nf6 4. Nc3 g6 5. b3 Bg7 6. Bb2 O-O 7. g3 e5 8. dxe6 dxe6 9. Bg2 Qa5 10. Qc2 Nc6 11. Bxc6 bxc6 12. Nf3 Ne4 13. Rc1 Rd8 14. O-O Nxc3 15. Bxc3 Bxc3 16. Qxc3 Qxc3 17. Rxc3 Bb7 18. Ne5 Rd2 19. a4 Rxe2 20. Nd7 Rd8 21. Nxc5 Bc8 22. Nd3 e5 23. Nb4 Rd6 24. c5 Rf6 25. Rd3 Be6 26. Nxc6 Bxb3 27. Ne7+ Kf7 28. Rxb3 Kxe7 29. Rb7+ Ke6 30. Rxa7 Kd5 31. Rc1 Rc6 32. Rxh7 Rxc5 33. Rxc5+ Kxc5 34. Rg7 Ra2 35. Rxg6 Rxa4 36. Rg5 Kd5 37. Rxf5 Ke4 38. Rf8 Ra2 39. Kg2 Kd3 40. Rf3+ Kd4 41. Re3 e4 42. h4 Ke5 43. g4 Kf4 44. g5 Rb2 45. g6 1-0


[Site "https://www.chess.com"]

[Event "Titled Tuesday Blitz July 25 Late 2023"]
[White "Akhayan, Ruben"]
[Black "Sainz Aguirre, Ignacio"]
[WhiteFideId "204439"]
[BlackFideId "5101727"]
[WhiteElo "2253"]
[BlackElo "1961"]
[Result "1-0"]
[Round "6"]
[TimeControl "180+2"]
[Date "2023.07.25"]
[WhiteClock "0:00:34"]
[BlackClock "0:00:00"]
[Board "167"]

1. d4 d5 2. Nf3 e6 3. Bg5 Be7 4. Bxe7 Nxe7 5. e3 c5 6. c3 Qb6 7. b3 Nbc6 8. Bd3 h6 9. Nbd2 cxd4 10. exd4 Bd7 11. Qe2 O-O 12. O-O Rac8 13. Ne5 Nxe5 14. dxe5 Rxc3 15. Rad1 Rfc8 16. Rfe1 a6 17. h4 Bb5 18. Bxb5 Qxb5 19. Qxb5 axb5 20. Nf3 Rc2 21. Nd4 Rxa2 22. Nxb5 Rcc2 23. Rf1 Ng6 24. Nd4 Rd2 25. Nf3 Rxd1 26. Rxd1 Re2 27. Rc1 Nxe5 28. Rc8+ Kh7 29. Nxe5 Rxe5 30. Rc7 Re1+ 31. Kh2 d4 32. Rxb7 e5 33. Rd7 Rb1 34. Rxf7 Rxb3 35. Re7 Rb5 36. Kg3 Rd5 37. Rc7 e4 38. Kf4 d3 39. Rc1 Rd4 40. Ke3 Ra4 41. g3 Kg6 42. f3 exf3 43. Kxf3 d2 44. Rd1 Rd4 45. Ke3 Rd7 46. Rxd2 Rxd2 47. Kxd2 Kf5 48. Ke3 Kg4 49. Kf2 Kh3 50. Kf3 g6 51. Kf4 g5+ 52. hxg5 hxg5+ 53. Kf3 g4+ 54. Kf4 1-0


[Site "https://www.chess.com"]

[Event "Titled Tuesday Blitz July 25 Late 2023"]
[White "Vargas, Mauricio"]
[Black "Vafin, Ayrat"]
[WhiteFideId "4404572"]
[BlackFideId "4146530"]
[WhiteElo "1868"]
[BlackElo "2239"]
[Result "1-0"]
[Round "6"]
[TimeControl "180+2"]
[Date "2023.07.25"]
[WhiteClock "0:00:13"]
[BlackClock "0:00:07"]
[Board "168"]

1. e4 c6 2. Nc3 d5 3. d3 dxe4 4. Nxe4 Bf5 5. Ng3 Bg6 6. h4 h6 7. Nf3 Nd7 8. Qe2 e6 9. Ne4 Ngf6 10. Bf4 Bh5 11. O-O-O Be7 12. Kb1 Qb6 13. Be3 Qd8 14. Rh3 a5 15. Rg3 Bf8 16. Qd2 Bb4 17. c3 Be7 18. Re1 Bxf3 19. Rxf3 Nxe4 20. dxe4 Bxh4 21. Bd4 Nf6 22. Qe3 Ng4 23. Qf4 Nf6 24. e5 Nd5 25. Qxf7# 1-0


[Site "https://www.chess.com"]

[Event "Titled Tuesday Blitz July 25 Late 2023"]
[White "Munoz Misselis, Nelson Carlos"]
[Black "Quirke, Jeffrey"]
[WhiteFideId "6601790"]
[BlackFideId "2013029"]
[WhiteElo "1752"]
[BlackElo "2182"]
[Result "0-1"]
[Round "6"]
[TimeControl "180+2"]
[Date "2023.07.25"]
[WhiteClock "0:02:21"]
[BlackClock "0:02:24"]
[Board "169"]

1. d4 e6 2. c4 b6 3. Nc3 Bb7 4. Nf3 Bb4 5. e3 f5 6. Be2 Nf6 7. Bd2 O-O 8. a3 Bxc3 9. Bxc3 Ne4 10. Rc1 d6 11. Qc2 Nd7 12. O-O Rf6 13. d5 e5 14. Nd2 Nxd2 15. b4 Nxf1 16. Kxf1 Rf8 17. b5 a6 18. a4 axb5 19. axb5 Nc5 0-1


[Site "https://www.chess.com"]

[Event "Titled Tuesday Blitz July 25 Late 2023"]
[White "Vachier-Lagrave, Maxime"]
[Black "Pranav, V"]
[WhiteFideId "623539"]
[BlackFideId "25060783"]
[WhiteElo "3165"]
[BlackElo "3026"]
[Result "1-0"]
[Round "7"]
[TimeControl "180+2"]
[Date "2023.07.25"]
[WhiteClock "0:00:08"]
[BlackClock "0:00:01"]
[Board "1"]

1. Nf3 Nf6 2. c4 g6 3. Nc3 Bg7 4. d4 d6 5. e4 O-O 6. h3 Nbd7 7. Be3 a5 8. Be2 e5 9. d5 Nh5 10. g3 b6 11. Nd2 Nhf6 12. g4 Nc5 13. g5 Ne8 14. h4 f5 15. f3 f4 16. Bf2 Bh8 17. h5 Qxg5 18. hxg6 hxg6 19. Qc2 Rf7 20. O-O-O Rh7 21. Rhg1 Qf6 22. Rg2 Rh6 23. Rdg1 Bd7 24. Nb5 Kf8 25. Nb1 Qf7 26. N1c3 Bf6 27. Qd2 Qh7 28. Kc2 Bd8 29. Qe1 Ng7 30. b3 Kf7 31. a3 Na6 32. Kb2 Bf6 33. Na4 Ne8 34. Nxc7 Nexc7 35. Nxb6 Rd8 36. Nxd7 Rxd7 37. Qxa5 Rh2 38. Qe1 Rxg2 39. Rxg2 Ne8 40. b4 Rb7 41. Ka2 Kf8 42. c5 Nb8 43. c6 Rc7 44. b5 Rc8 45. Bc4 g5 46. Bb3 Qh3 47. Rg1 Qxf3 48. b6 Na6 49. b7 Rb8 50. Ba7 Rd8 51. Bb6 Nec7 52. Bc4 Re8 53. Bxa6 Nxa6 54. c7 Qd3 55. c8=Q Nc5 56. Bxc5 Qc2+ 57. Ka1 dxc5 58. b8=Q Rxc8 59. Qxc8+ Kg7 60. Qb7+ Kf8 61. Qb2 1-0


[Site "https://www.chess.com"]

[Event "Titled Tuesday Blitz July 25 Late 2023"]
[White "Duda, Jan-Krzysztof"]
[Black "Carlsen, Magnus"]
[WhiteFideId "1170546"]
[BlackFideId "1503014"]
[WhiteElo "3043"]
[BlackElo "3259"]
[Result "0-1"]
[Round "7"]
[TimeControl "180+2"]
[Date "2023.07.25"]
[WhiteClock "0:00:00"]
[BlackClock "0:00:05"]
[Board "2"]

1. e4 a5 2. Nc3 e6 3. a4 d5 4. d4 Bb4 5. e5 Ne7 6. Bd2 Bxc3 7. bxc3 b6 8. Bb5+ Nd7 9. Qe2 Bb7 10. h4 Qc8 11. Qg4 Nf5 12. Bd3 h5 13. Qf3 Ba6 14. Bxf5 exf5 15. Qxf5 Nf8 16. Qf3 Bc4 17. Ne2 Ne6 18. O-O Qd7 19. Rfe1 O-O-O 20. Ng3 g6 21. Nf1 Kb8 22. Bg5 Nxg5 23. hxg5 Bxf1 24. Rxf1 h4 25. Qh3 Qc6 26. f4 Rde8 27. Kh2 Rh5 28. Qf3 Kb7 29. Rab1 Rd8 30. Rb5 Qc4 31. Rfb1 Ka7 32. Ra1 h3 33. g3 Rhh8 34. Qd3 Qc6 35. Rab1 Qe6 36. Qe2 Qc6 37. R1b3 Rde8 38. Ra3 Rd8 39. Rb1 Rb8 40. Qb5 Qe6 41. Rg1 Qg4 42. Qd3 Rbe8 43. Rb3 Re6 44. Rb5 Rd8 45. Re1 Rc6 46. Re3 Kb7 47. Qf1 Qf5 48. Qe2 Rc4 49. Rxd5 Rxd5 50. Qxc4 Qxc2+ 51. Re2 Rxd4 52. Qxc7+ Kxc7 53. Rxc2 Rxa4 54. Kxh3 Rc4 55. Rf2 Rxc3 56. f5 gxf5 57. Rxf5 Kd7 58. Rxf7+ Ke6 59. g6 Rc8 60. Kg4 Rb8 61. Kg5 b5 62. Rf6+ Kxe5 63. g7 Rg8 64. Kg6 Kd4 65. g4 a4 66. Rf8 Rxg7+ 67. Kxg7 b4 68. g5 b3 69. Ra8 b2 70. Rb8 a3 71. g6 a2 72. Rxb2 a1=Q 73. Rb7 Ke4+ 74. Kh7 Qh1+ 75. Kg7 Kf5 76. Rb5+ Ke6 77. Rb6+ Ke7 78. Ra6 Qg1 79. Ra4 Qc5 80. Ra6 Qe5+ 81. Kh7 Qe2 82. Ra7+ Kf6 83. Rf7+ Ke6 84. Kg7 Qe5+ 85. Kh7 Qh5+ 86. Kg7 Qh4 87. Rf8 Qe7+ 88. Rf7 Qa3 89. Kh7 Qc3 90. Kh6 Qh8+ 91. Kg5 Qh1 92. Rf8 Qc1+ 0-1


[Site "https://www.chess.com"]

[Event "Titled Tuesday Blitz July 25 Late 2023"]
[White "Bluebaum, Matthias"]
[Black "Bortnyk, Olexandr"]
[WhiteFideId "24651516"]
[BlackFideId "14120828"]
[WhiteElo "3051"]
[BlackElo "3022"]
[Result "1/2-1/2"]
[Round "7"]
[TimeControl "180+2"]
[Date "2023.07.25"]
[WhiteClock "0:00:54"]
[BlackClock "0:00:24"]
[Board "3"]

1. d4 Nf6 2. c4 d6 3. Nf3 g6 4. Nc3 Bg7 5. e4 O-O 6. Be2 Nbd7 7. O-O e5 8. Be3 Qe7 9. Qc2 c6 10. Rad1 Ng4 11. Bg5 f6 12. Bd2 a5 13. Qc1 exd4 14. Nxd4 Nc5 15. f3 f5 16. fxg4 Bxd4+ 17. Be3 Bxe3+ 18. Qxe3 fxe4 19. Rxf8+ Kxf8 20. Qf4+ Kg8 21. Qxd6 Qxd6 22. Rxd6 Be6 23. Nxe4 Nxe4 24. Rxe6 Nc5 25. Re5 Na4 26. b3 Nc3 27. c5 Nxa2 28. Bc4+ Kf8 29. Re6 a4 30. Rf6+ Ke8 31. Re6+ Kd7 32. Rd6+ Ke7 33. Re6+ Kd7 34. Rd6+ Ke7 35. Re6+ Kd7 1/2-1/2


[Site "https://www.chess.com"]

[Event "Titled Tuesday Blitz July 25 Late 2023"]
[White "Andreikin, Dmitry"]
[Black "Nakamura, Hikaru"]
[WhiteFideId "4158814"]
[BlackFideId "2016192"]
[WhiteElo "3036"]
[BlackElo "3262"]
[Result "0-1"]
[Round "7"]
[TimeControl "180+2"]
[Date "2023.07.25"]
[WhiteClock "0:00:01"]
[BlackClock "0:00:18"]
[Board "4"]

1. d4 a6 2. a4 e6 3. Nf3 d5 4. Bf4 c5 5. e3 Bd6 6. Bg3 Nc6 7. c3 Nf6 8. Nbd2 Nh5 9. Bxd6 Qxd6 10. a5 O-O 11. Be2 Nf6 12. Qa4 e5 13. Qa3 exd4 14. cxd4 Nb4 15. Rc1 c4 16. O-O Bf5 17. b3 Bd3 18. Bxd3 cxd3 19. Ne5 Rfd8 20. Rc5 Nc6 21. Nxc6 bxc6 22. Qa4 Ne4 23. Rxc6 Qd7 24. Nf3 f6 25. h3 Rac8 26. Rxc8 Qxc8 27. Qb4 Rd7 28. Rd1 Rb7 29. Qa3 Qc2 30. Qc1 Nc3 31. Re1 Ne2+ 0-1


[Site "https://www.chess.com"]

[Event "Titled Tuesday Blitz July 25 Late 2023"]
[White "Naroditsky, Daniel"]
[Black "He, Anthony"]
[WhiteFideId "2026961"]
[BlackFideId "2088215"]
[WhiteElo "3143"]
[BlackElo "2981"]
[Result "1-0"]
[Round "7"]
[TimeControl "180+2"]
[Date "2023.07.25"]
[WhiteClock "0:00:14"]
[BlackClock "0:00:34"]
[Board "5"]

1. e4 c6 2. Nf3 d5 3. exd5 cxd5 4. d4 Nc6 5. Bb5 Nf6 6. Ne5 Bd7 7. Nxd7 Qxd7 8. c3 e6 9. O-O Bd6 10. Nd2 O-O 11. Re1 a6 12. Bd3 b5 13. a3 Qc7 14. Nf3 Rab8 15. Qe2 h6 16. Ne5 Nd7 17. Nxd7 Qxd7 18. Qg4 Kh8 19. Re3 f5 20. Qh5 Bf4 21. Rh3 Bxc1 22. Rxc1 Rf6 23. Re1 a5 24. b4 axb4 25. axb4 Ne7 26. Rhe3 Rc8 27. Qe2 Rxc3 28. Bxb5 Qc7 29. Rxe6 Ng8 30. Re8 Rc2 31. Qe5 Qb7 32. Rb8 Qf7 33. Qe8 Qxe8 34. Rexe8 Rc1+ 35. Bf1 Ra6 36. Rxg8+ Kh7 37. Ra8 Rb6 38. Rgb8 Re6 39. Re8 Rb6 40. h4 Rxb4 41. h5 1-0


[Site "https://www.chess.com"]

[Event "Titled Tuesday Blitz July 25 Late 2023"]
[White "Erigaisi Arjun"]
[Black "Anton Guijarro, David"]
[WhiteFideId "35009192"]
[BlackFideId "2285525"]
[WhiteElo "3086"]
[BlackElo "2975"]
[Result "1-0"]
[Round "7"]
[TimeControl "180+2"]
[Date "2023.07.25"]
[WhiteClock "0:00:13"]
[BlackClock "0:00:00"]
[Board "6"]

1. c4 e6 2. g3 d5 3. Bg2 c6 4. b3 d4 5. Nf3 c5 6. O-O Nc6 7. e3 Nf6 8. Re1 Bd6 9. exd4 cxd4 10. d3 O-O 11. Bg5 h6 12. Bxf6 Qxf6 13. Nbd2 Qe7 14. h4 Re8 15. h5 a5 16. Nh4 Bb4 17. Re4 Bc3 18. Rb1 Nb4 19. Nf5 Qc5 20. Qg4 Qf8 21. Nxh6+ Kh8 22. Nxf7+ Qxf7 23. Rf4 e5 24. Rxf7 Bxg4 25. Ne4 Bxh5 26. Rxb7 Nxd3 27. Nd6 Rf8 28. f4 exf4 29. Rb5 Bg6 30. Bxa8 Rxa8 31. Rg5 Bh7 32. Rf1 Bd2 33. Nf7+ Kg8 34. Nh6+ Kf8 35. Nf5 Ra7 36. gxf4 Bxf4 37. Nxd4 Kg8 38. Ne6 Be3+ 39. Kh2 Nf2 40. Rd5 Be4 41. Rd8+ Kf7 42. Ng5+ Bxg5 43. Rxf2+ Bf6 44. Kg3 Bc6 45. Rd6 Bd7 46. c5 Rc7 47. a3 Be6 48. b4 axb4 49. axb4 Rb7 50. Rf4 Ke7 51. Re4 Kf7 52. Rdxe6 Rxb4 53. Rxf6+ 1-0


[Site "https://www.chess.com"]

[Event "Titled Tuesday Blitz July 25 Late 2023"]
[White "Xiong, Jeffery"]
[Black "Nihal Sarin"]
[WhiteFideId "2047640"]
[BlackFideId "25092340"]
[WhiteElo "2972"]
[BlackElo "3078"]
[Result "1-0"]
[Round "7"]
[TimeControl "180+2"]
[Date "2023.07.25"]
[WhiteClock "0:00:14"]
[BlackClock "0:00:02"]
[Board "7"]

1. e4 e5 2. Nf3 Nc6 3. Nc3 g6 4. d4 exd4 5. Nxd4 Bg7 6. Nxc6 bxc6 7. Bc4 Ne7 8. Bb3 O-O 9. Bg5 h6 10. Be3 a5 11. Qd2 Kh7 12. O-O-O d6 13. h4 f5 14. f3 fxe4 15. Nxe4 Nf5 16. Bg5 Qd7 17. Nc5 dxc5 18. Qxd7 Bxd7 19. Rxd7 a4 20. Be6 Ng3 21. Rh3 Ne2+ 22. Kd2 a3 23. bxa3 Nd4 24. Bc4 Ra4 25. Bb3 Rxa3 26. Be3 Re8 27. f4 Nxb3+ 28. axb3 Kg8 29. Bxc5 Ra5 30. b4 Ra1 31. Rxc7 Ree1 32. Kd3 Rad1+ 33. Kc4 Re4+ 34. Kb3 Rb1+ 35. Ka3 Re8 36. Ra7 Bf8 37. Ka2 Rc1 38. Kb2 Rf1 39. Bxf8 Kxf8 40. Rg3 Rxf4 41. c3 Re6 42. Ra6 Rxh4 43. b5 Re2+ 44. Kb3 cxb5 45. Rgxg6 Kf7 46. Rxh6 Rxh6 47. Rxh6 Rxg2 48. Rh5 Ke6 49. Rxb5 Kd6 50. Rh5 Rg4 51. c4 Kc6 52. Kb4 Rg1 53. Rh6+ Kc7 54. Kb5 Rg5+ 55. c5 Rg7 56. Ra6 Kb7 57. c6+ Kb8 58. Kb6 Rb7+ 59. Kc5 Rb1 60. Rb6+ 1-0


[Site "https://www.chess.com"]

[Event "Titled Tuesday Blitz July 25 Late 2023"]
[White "Kamsky, Gata"]
[Black "Fedoseev, Vladimir"]
[WhiteFideId "2000024"]
[BlackFideId "24130737"]
[WhiteElo "2945"]
[BlackElo "3064"]
[Result "0-1"]
[Round "7"]
[TimeControl "180+2"]
[Date "2023.07.25"]
[WhiteClock "0:00:21"]
[BlackClock "0:01:38"]
[Board "8"]

1. d4 g6 2. Nf3 Bg7 3. c3 b6 4. e4 Bb7 5. Bd3 d6 6. a4 a6 7. O-O Nd7 8. Re1 e5 9. Nbd2 Ne7 10. Nc4 exd4 11. cxd4 O-O 12. Bg5 h6 13. Bh4 g5 14. Bg3 f5 15. Nxg5 hxg5 16. Qh5 fxe4 17. Qxg5 Nf5 0-1


[Site "https://www.chess.com"]